 Dungeon Crawl Stone Soup version 0.23-a0-373-g305c090 (webtiles) character file.

151895 smcx the Warrior (level 17, -9/170 HPs)
             Began as a Minotaur Berserker on Oct 25, 2018.
             Was a High Priest of Trog.
             Mangled by an emperor scorpion (15 damage)
             ... on level 4 of the Spider Nest.
             The game lasted 02:22:08 (40663 turns).

smcx the Warrior (Minotaur Berserker)              Turns: 40663, Time: 02:22:08

Health: -9/170     AC: 32    Str: 27    XL:     17   Next: 1%
Magic:  0/16       EV: 10    Int:  4    God:    Trog [*****.]
Gold:   2859       SH:  0    Dex: 20    Spells: 16/16 levels left

rFire    + . .     SeeInvis +   a - +5 executioner's axe (venom)
rCold    . . .     Gourm    .   (shield currently unavailable)
rNeg     . . .     Faith    .   J - +4 plate armour {rPois}
rPois    +         Spirit   +   (helmet restricted)
rElec    .         Reflect  .   e - scarf {repulsion}
rCorr    .         Harm     .   h - +0 pair of gloves
MR       +....     Clarity  +   K - +2 pair of boots
Stlth    ..........             x - amulet "Taomiq" {Spirit Dex+4}
HPRegen  0.38/turn              s - ring of see invisible
MPRegen  0.15/turn              T - +4 ring of dexterity

@: lethally poisoned (-9 -> -21), about to teleport, repel missiles
A: retaliatory headbutt, horns 2, molten scales 1, slimy green scales 1,
clarity, deterioration 1, fire resistance 1, sense surroundings 1
a: Berserk, Trog's Hand, Brothers in Arms, Renounce Religion


You were on level 4 of the Spider Nest.
You worshipped Trog.
Trog was extremely pleased with you.
You were not hungry.

You visited 5 branches of the dungeon, and saw 28 of its levels.

You collected 3091 gold pieces.
You spent 232 gold pieces at shops.

Inventory:

Hand Weapons
 a - a +5 executioner's axe of venom (weapon)
 b - the +4 trident of Jackietek {pierce, *Noise +Fly Str+3 Int+6}
   (You found it on level 2 of the Lair of Beasts)

   It inflicts extra damage upon your enemies.
   It affects your strength (+3).
   It affects your intelligence (+6).
   It lets you fly.
   It may make noises in combat.
 w - a +5 antimagic battleaxe
 E - a +2 battleaxe of electrocution
Armour
 e - a scarf of repulsion (worn)
 h - a +0 pair of gloves (worn)
 J - a +4 plate armour of poison resistance (worn)
 K - a +2 pair of boots (worn)
Jewellery
 n - an uncursed ring of fire
 p - a +3 amulet of reflection
 s - a ring of see invisible (left hand)
 x - the amulet "Taomiq" (around neck) {Spirit Dex+4}
   (You took it off Agnes on level 1 of the Spider Nest)

   [amulet of guardian spirit]

   It causes incoming damage to be split between your health and magic.
   It affects your dexterity (+4).
 C - an uncursed ring of protection from magic
 H - an uncursed amulet of the acrobat
 S - an uncursed ring of protection from cold
 T - a +4 ring of dexterity (right hand)
Wands
 f - a wand of paralysis (43)
 y - a wand of acid (19)
 F - a wand of enslavement (20)
 Q - a wand of digging (22)
 Y - a wand of flame (82)
Scrolls
 d - 12 scrolls of teleportation
 g - 4 scrolls of magic mapping {unknown}
 k - 3 scrolls of summoning {unknown}
 q - 3 scrolls of vulnerability {unknown}
 t - a scroll of torment {unknown}
 u - 2 scrolls of blinking
 v - 2 scrolls of noise {unknown}
 A - 3 scrolls of fog {unknown}
 B - 7 scrolls of fear {unknown}
 D - 4 scrolls of enchant weapon {unknown}
 G - 2 scrolls of random uselessness {unknown}
 I - 11 scrolls of remove curse
 N - 5 scrolls of enchant armour
 W - 2 scrolls of acquirement {unknown}
 Z - 4 scrolls of brand weapon {unknown}
Potions
 i - a potion of berserk rage
 l - 2 potions of haste
 m - 2 potions of brilliance {unknown}
 o - 10 potions of curing
 r - 3 potions of resistance {unknown}
 z - 3 potions of flight {unknown}
 L - a potion of might {unknown}
 M - 3 potions of ambrosia
 R - a potion of cancellation {unknown}
 V - 4 potions of agility
Comestibles
 c - 15 rations
 j - 3 chunks of flesh


   Skills:
 + Level 20.1 Fighting
 + Level 20.1 Axes
 + Level 20.0 Armour
 - Level 2.4 Dodging


You had 16 spell levels left.
You didn't know any spells.
Your spell library was empty.

Dungeon Overview and Level Annotations

Branches:
Dungeon (15/15)            Temple (1/1) D:4            Lair (6/6) D:8
 Shoals (0/4) Lair:3       Spider (4/4) Lair:3        Slime (0/5) Lair:5
    Orc (2/2) D:11            Elf (0/3) Orc:2        Vaults (0/5) D:13
 Depths (0/5) D:15

Altars:
Ashenzari
Cheibriados
Dithmenos
Elyvilon
Fedhas
Gozag
Hepliaklqana
Kikubaaqudgha
Makhleb
Nemelex Xobeh
Okawaru
Qazlal
Ru
Sif Muna
Trog
Uskayaw
Vehumet
Wu Jian
Xom
Yredelemnul
Zin
The Shining One
Beogh

Shops:
D:9 [   Orc:2 }%[(

Annotations:
D:8 3 runed doors, nikopol's ghost, novice DEFE
D:10 exclusion: 2 doors
Lair:1 exclusion: oklob plant


Innate Abilities, Weirdness & Mutations

You reflexively headbutt those who attack you in melee.
You have a pair of horns on your head.
You are partially covered in molten scales. (AC +2)
You are partially covered in slimy green scales. (AC +2)
You possess an exceptional clarity of mind.
Your body sometimes deteriorates upon taking damage.
Your flesh is heat resistant. (rF+)
You passively map a small area around you.


Message History

You feel yourself slow down.
You feel very sick.
The hornet rages.
The hornet evades a web.
The hornet rages.
The hornet stings you.
* * * LOW HITPOINT WARNING * * *
As you read the scroll of teleportation, it crumbles to dust.
You feel strangely unstable.
You feel yourself speed up.
You feel very sick.
The hornet rages.
The emperor scorpion stings you but does no damage.
The emperor scorpion claws you!
* * * LOW HITPOINT WARNING * * *
The emperor scorpion claws you!
* * * LOW HITPOINT WARNING * * *
The hornet rages.
The emperor scorpion stings you!
You die...

.≈≈# +... ... #..#≈..#
≈^≈## #... ,y., ####≈.≈#
#≈.≈### ..##., ##≈..##
#≈..^≈## , #ys# ##..≈##
##≈....# *#s.## #≈..≈#
≈≈≈≈..^#####..≈# ##≈..≈# *
≈≈≈#≈..≈#≈≈##yy###≈..≈##.##
#####.≈...^##sy##≈...≈≈≈..#
###≈≈.≈^.yys@)≈.#≈≈≈...#
#####...^y#######≈≈###
#.≈≈### *### #####


You could see an emperor scorpion (berserk), a spark wasp, a moth of wrath, 3
hornets and a redback.

Vanquished Creatures
  Rupert (Lair:6)
  Agnes (Spider:1)
  Kirke (D:14)
  Louise (D:14)
  4 emperor scorpions
  4 ghost moths
  5 entropy weavers
  3 spark wasps
  Snorg (Lair:6)
  2 fire dragons
  Harold (Lair:2)
  A yaktaur captain (D:15)
  A catoblepas (D:14)
  6 hydras
  Erica (Lair:2)
  A centaur warrior (D:14)
  4 death yaks
  A queen ant (Spider:3)
  7 two-headed ogres
  3 orc high priests (Orc:2)
  2 tengu warriors (D:15)
  An ogre mage (Orc:2)
  A fire crab (Lair:6)
  An unseen horror (shapeshifter) (D:14)
  An unseen horror (D:10)
  A deep elf archer (D:15)
  20 orb spiders
  4 ugly things
  26 wolf spiders
  A deep elf mage (D:14)
  9 orc knights (Orc:2)
  4 orc sorcerers (Orc:2)
  2 centaur zombies
  A moth of wrath (Spider:2)
  An elephant (D:8)
  The ghost of namelastname112 the Skirmisher, a novice DrWn of Gozag (D:5)
  3 cyclopes
  7 black mambas
  A gargoyle (D:15)
  3 molten gargoyles (Lair:6)
  3 torpor snails
  11 komodo dragons
  6 spiny frogs
  A redback zombie (D:14)
  10 demonic crawlers
  33 jumping spiders
  A tengu conjurer (D:15)
  A queen bee (Lair:1)
  A merfolk (Lair:3)
  3 trolls
  9 hornets
  11 slime creatures (D:14)
  12 hippogriffs
  Prince Ribbit (D:9)
  7 dream sheep (Lair:6)
  2 shadows (D:14)
  6 wyverns
  40 yaks
  29 tarantellas
  2 wraiths
  Sigmund (D:5)
  A vampire (D:11)
  66 redbacks
  Grum (D:8)
  A golden eye (shapeshifter) (D:13)
  2 steam dragons (Lair:6)
  3 hogs (D:14)
  2 hungry ghosts
  9 basilisks
  2 vampire mosquitoes (D:13)
  13 wargs
  A harpy simulacrum (D:15)
  15 soldier ants (Spider:3)
  2 acid dragons
  8 water moccasins
  2 soldier ants (shapeshifter)
  8 porcupines
  4 hell hounds (Lair:6)
  5 sky beasts
  A black bear (D:12)
  An eye of draining (D:15)
  2 ice beasts
  3 necrophages
  26 orc warriors
  5 boggarts (D:14)
  16 ogres
  13 wolves
  12 centaurs
  13 crocodiles
  A big kobold (D:11)
  14 bullfrogs
  5 scorpions
  29 killer bees
  3 wights (D:13)
  5 lava snakes (Lair:6)
  4 electric eels
  3 howler monkeys
  8 crimson imps
  A hound (D:14)
  2 quasits (D:5)
  5 jellies
  23 orc priests
  22 orc wizards
  A bullfrog skeleton (D:13)
  6 iguanas
  Natasha (thrice) (D:4)
  20 worker ants
  A hound zombie (D:11)
  2 hound skeletons (D:10)
  2 worker ant zombies
  6 gnolls
  17 adders
  A river rat (D:5)
  6 shadow imps
  An ooze (D:2)
  2 adder skeletons (D:6)
  3 worms
  2 dart slugs (D:2)
  7 leopard geckos
  109 orcs
  6 giant cockroaches
  8 goblins
  8 hobgoblins
  13 jackals
  3 quokkas
  2 ball pythons
  5 bats
  8 frilled lizards
  3 goblin skeletons (D:5)
  2 goblin zombies (D:5)
  2 hobgoblin zombies (D:5)
  A jackal skeleton (D:4)
  8 kobolds
  A kobold skeleton (D:5)
  2 kobold zombies (D:5)
  2 leopard gecko skeletons
  An orc skeleton (D:5)
  A quokka skeleton (D:4)
  15 rats
  2 fungi
973 creatures vanquished.

Vanquished Creatures (collateral kills)
  Saint Roka (Orc:2)
  A catoblepas (Lair:2)
  A death knight (D:10)
  2 two-headed ogres (D:15)
  An ogre mage (D:15)
  A tengu warrior (D:15)
  An orc knight (Orc:2)
  2 orb spiders (Spider:3)
  A wolf spider (Spider:4)
  A demonic crawler (Spider:3)
  A troll (Orc:2)
  A jumping spider (Spider:3)
  3 redbacks (Spider:3)
  2 tarantellas (Spider:3)
  A soldier ant (Spider:3)
  An orc priest (Orc:2)
  An orc wizard (Orc:2)
  3 worker ants (Spider:3)
  4 orcs (Orc:2)
29 creatures vanquished.

Vanquished Creatures (others)
  A crimson imp (D:10)
  A fungus (Lair:4)
  3 plants
5 creatures vanquished.

Grand Total: 1007 creatures vanquished

Notes
Turn   | Place    | Note
-------+----------+-------------------------------------------
     0 | D:1      | smcx the Minotaur Berserker began the quest for the Orb.
     0 | D:1      | Reached XP level 1. HP: 19/19 MP: 0/0
   187 | D:1      | Reached XP level 2. HP: 22/27 MP: 1/1
  1176 | D:2      | Reached XP level 3. HP: 33/33 MP: 2/2
  2313 | D:2      | Reached XP level 4. HP: 41/41 MP: 3/3
  2643 | D:3      | Reached ** piety under Trog
  3032 | D:3      | Reached XP level 5. HP: 41/47 MP: 4/4
  3071 | D:3      | Reached skill level 5 in Fighting
  3078 | D:3      | Reached skill level 5 in Axes
  3212 | D:3      | Noticed an ogre
  3215 | D:3      | Killed an ogre
  3223 | D:3      | Reached XP level 6. HP: 38/56 MP: 5/5
  3824 | D:4      | Reached skill level 5 in Armour
  4018 | D:4      | Found a staircase to the Ecumenical Temple.
  4025 | Temple   | Entered the Ecumenical Temple
  4105 | D:4      | Noticed Natasha
  4116 | D:4      | Killed Natasha
  4589 | D:4      | Noticed Natasha
  4604 | D:4      | Killed Natasha
  4604 | D:4      | Reached XP level 7. HP: 63/63 MP: 6/6
  4653 | D:4      | Got a warped whip
  4654 | D:4      | Identified the cursed +1 whip "Jefui" {slash, Str+3} (You
                  | found it on level 4 of the Dungeon)
  4961 | D:4      | Reached *** piety under Trog
  5052 | D:4      | Noticed Natasha
  5058 | D:4      | Killed Natasha
  5165 | D:5      | Entered Level 5 of the Dungeon
  5248 | D:5      | Noticed namelastname112's ghost (novice DrWn)
  5250 | D:5      | Found a transporter.
  5269 | D:5      | Found a transporter.
  5284 | D:5      | Killed namelastname112's ghost
  5284 | D:5      | Reached XP level 8. HP: 64/73 MP: 7/7
  5741 | D:5      | Found a glowing golden altar of the Shining One.
  5743 | D:5      | Noticed Sigmund
  5772 | D:5      | Killed Sigmund
  6104 | D:5      | Found a shattered altar of Ashenzari.
  6104 | D:5      | Found a deep blue altar of Sif Muna.
  6105 | D:5      | Found an ornate altar of the Wu Jian Council.
  6106 | D:5      | Found a glowing golden altar of the Shining One.
  6311 | D:5      | You fall through a shaft!
  7223 | D:7      | Reached XP level 9. HP: 74/82 MP: 8/8
  7778 | D:7      | Reached skill level 10 in Fighting
  8065 | D:8      | Reached skill level 10 in Axes
  8067 | D:8      | Reached **** piety under Trog
  8146 | D:8      | Found a runed gate.
  8146 | D:8      | Found a runed gate.
  8146 | D:8      | Found a runed gate.
  8146 | D:8      | Noticed nikopol's ghost (novice DEFE)
  8297 | D:8      | Reached skill level 10 in Armour
  8310 | D:8      | Noticed Grum
  8322 | D:8      | Killed Grum
  8322 | D:8      | Reached XP level 10. HP: 73/94 MP: 9/9
  8658 | D:8      | Noticed an elephant
  8668 | D:8      | Killed an elephant
  8721 | D:8      | Found a staircase to the Lair.
  9191 | D:8      | Gained mutation: You expend magic power (3 MP) to
                  | strengthen your wands. [potion of mutation]
  9191 | D:8      | Gained mutation: You evolve. [potion of mutation]
  9191 | D:8      | Gained mutation: Your flesh is heat resistant. (rF+)
                  | [potion of mutation]
  9479 | D:9      | You fall through a shaft for 3 floors!
  9954 | D:12     | Lost mutation: You expend magic power (3 MP) to strengthen
                  | your wands. [evolution]
 10591 | D:11     | Reached ***** piety under Trog
 10699 | D:11     | Gained mutation: You are partially covered in slimy green
                  | scales. (AC +2) [evolution]
 10716 | D:11     | Reached XP level 11. HP: 104/104 MP: 10/10
 11890 | D:11     | Found a staircase to the Orcish Mines.
 11987 | D:10     | Entered Level 10 of the Dungeon
 11988 | D:10     | Noticed a two-headed ogre
 12002 | D:10     | Killed a two-headed ogre
 12181 | D:10     | Received a gift from Trog
 13197 | D:10     | Killed an unseen horror
 13264 | D:10     | Noticed a death knight
 13782 | D:10     | Noticed a green ugly thing
 13792 | D:10     | Killed a green ugly thing
 14071 | D:10     | Killed a death knight
 14472 | D:9      | Found an ancient bone altar of Kikubaaqudgha.
 14663 | D:9      | Found Deumep's Armour Boutique.
 14696 | D:9      | Found a hazy altar of Hepliaklqana.
 14700 | D:9      | Found a snail-covered altar of Cheibriados.
 14782 | D:9      | Noticed Prince Ribbit
 14816 | D:9      | Killed Prince Ribbit
 15049 | Lair:1   | Entered Level 1 of the Lair of Beasts
 15784 | Lair:1   | Reached XP level 12. HP: 64/115 MP: 11/11
 16658 | Lair:2   | Noticed a catoblepas
 17053 | Lair:2   | Killed a catoblepas
 17101 | Lair:2   | Noticed Erica
 17109 | Lair:2   | Killed Erica
 17139 | Lair:2   | Got a smoking trident
 17140 | Lair:2   | Identified the +4 trident of Jackietek {pierce, *Noise +Fly
                  | Str+3 Int+6} (You found it on level 2 of the Lair of
                  | Beasts)
 17276 | Lair:2   | Noticed Harold
 17298 | Lair:2   | Killed Harold
 17483 | Lair:2   | Gained mutation: You passively map a small area around you.
                  | [evolution]
 17951 | Lair:3   | Noticed a six-headed hydra
 17959 | Lair:3   | Killed a six-headed hydra
 19112 | Lair:3   | Found a staircase to the Shoals.
 19485 | Lair:3   | Found a hole to the Spider Nest.
 20018 | Lair:4   | Noticed an eight-headed hydra
 20037 | Lair:3   | Killed an eight-headed hydra
 20037 | Lair:3   | Reached skill level 15 in Fighting
 20037 | Lair:3   | Reached XP level 13. HP: 126/126 MP: 12/12
 20111 | Lair:4   | Reached skill level 15 in Axes
 20535 | Lair:4   | Gained mutation: You possess an exceptional clarity of
                  | mind. [evolution]
 20900 | Lair:5   | Reached skill level 15 in Armour
 21457 | Lair:5   | Found a staircase to the Slime Pits.
 21638 | Lair:6   | Entered Level 6 of the Lair of Beasts
 21677 | Lair:6   | Noticed Snorg
 21780 | Lair:6   | Killed Snorg
 22163 | Lair:6   | Noticed Rupert
 22184 | Lair:6   | Killed Rupert
 23885 | Lair:6   | Reached XP level 14. HP: 79/138 MP: 13/13
 24089 | Lair:6   | Found a large runed door.
 24090 | Lair:6   | Found a large runed door.
 24150 | Lair:6   | Gained mutation: You are partially covered in molten
                  | scales. (AC +2) [evolution]
 24726 | D:13     | Received a gift from Trog
 25006 | D:13     | Found a gate to the Vaults.
 25549 | D:14     | Noticed Louise
 25558 | D:14     | Killed Louise
 25980 | D:14     | Noticed Kirke
 26011 | D:14     | Killed Kirke
 26306 | D:14     | Gained mutation: Your body sometimes deteriorates upon
                  | taking damage. [evolution]
 26306 | D:14     | Lost mutation: You evolve. [end of evolution]
 27769 | D:15     | Entered Level 15 of the Dungeon
 27779 | D:15     | Received a gift from Trog
 27780 | D:15     | Got an ancient hand crossbow {god gift}
 28135 | D:15     | Found a staircase to the Depths.
 29487 | Orc:1    | Entered Level 1 of the Orcish Mines
 29672 | Orc:1    | Reached XP level 15. HP: 148/148 MP: 4/14
 29962 | Orc:2    | Entered Level 2 of the Orcish Mines
 30060 | Orc:2    | Found a roughly hewn altar of Beogh.
 30075 | Orc:2    | Found Irobuiby's Food Emporium.
 30249 | Orc:2    | Found a staircase to the Elven Halls.
 30403 | Orc:2    | Found a roughly hewn altar of Beogh.
 30418 | Orc:2    | Found Xituw's Gadget Shoppe.
 30639 | Orc:2    | Found a roughly hewn altar of Beogh.
 30850 | Orc:2    | Noticed Saint Roka
 30855 | Orc:2    | Received a gift from Trog
 30872 | Orc:2    | Killed Saint Roka
 31391 | Orc:2    | Found Asinwa's Antique Armour Emporium.
 31392 | Orc:2    | Found a roughly hewn altar of Beogh.
 31395 | Orc:2    | Found Suimol's Antique Weapon Shoppe.
 31407 | Orc:2    | Bought a pair of glowing boots for 232 gold pieces
 32258 | Orc:2    | Found a roughly hewn altar of Beogh.
 32271 | Orc:2    | Found a roughly hewn altar of Beogh.
 32904 | Spider:1 | Entered Level 1 of the Spider Nest
 34015 | Spider:1 | Identified the amulet "Taomiq" {Spirit Dex+4}
 34015 | Spider:1 | Noticed Agnes
 34028 | Spider:1 | Killed Agnes
 34401 | Spider:1 | Received a gift from Trog
 35280 | Spider:2 | Reached XP level 16. HP: 99/159 MP: 15/15
 37075 | Spider:3 | Received a gift from Trog
 37107 | Spider:3 | Paralysed by a hornet for 3 turns
 38332 | Spider:4 | Entered Level 4 of the Spider Nest
 38353 | Spider:4 | Received a gift from Trog
 39944 | Spider:4 | HP: 7/162 [disintegration (20)]
 40652 | Spider:4 | Reached XP level 17. HP: 142/170 MP: 0/16
 40663 | Spider:4 | HP: 6/170 [emperor scorpion (13)]
 40663 | Spider:4 | Mangled by an emperor scorpion

Vault maps used:
D:1:      kennysheep_arrival_seaside, minmay_pentomino_r4
D:3:      wad_crossroads
D:4:      minmay_temple_entry_statues_pillars, first_ration, uniq_natasha
D:5:      chequers_temple_overflow_statue_of_worship,
          gammafunk_ghost_stat_death, portal_sewer_entry_e,
          nicolae_tso_besieged_by_evil, uniq_sigmund
D:6:      grunt_ministairs_2
D:8:      david_lair_generic, gammafunk_ghost_spectres, grunt_ogre_cave,
          uniq_grum
D:9:      kiku_gazebo_pond_becter, grunt_temple_overflow_open, serial_shops,
          nicolae_shop_waterfront, uniq_prince_ribbit1
D:10:     cheibrodos_two_vegetables, minmay_diamond_spiral
D:11:     minmay_orc_entry_guard_dogs
D:12:     serial_park_tiny_pond
D:13:     david_vaults_4
D:14:     nooodl_orcs_dogs, uniq_louise, uniq_kirke
D:15:     hangedman_depths_entry_civil_slaughter, nicolae_two_hexagons
Temple:   eino_wide_crystal_templ
Lair:1:   special_room, minmay_lair_oklob_chamber
Lair:2:   statuecave_lemuel, lemuel_fruit_fields, infiniplex_staircase_pool_2,
          serial_bayou_shore_a, lemuel_fruit_tree, uniq_erica, uniq_harold
Lair:3:   elwin_shoals_entry_rooms, spider_nest_entry_funnel_web,
          beast_lair_carwin_5, grunt_megastairs_5
Lair:4:   grunt_megastairs_2, infiniplex_staircase_pool
Lair:5:   slime_dummy
Lair:6:   cheibrodos_lair_end_hotspot, st_stairs_9, uniq_snorg, uniq_rupert
Spider:1: spiders_nest_hornet_nest, uniq_agnes
Spider:2: spider_trap
Spider:3: zaba_antful_of_joy
Spider:4: spider_rune_water
Orc:2:    grunt_orc_community_town_hall, grunt_orc_community_big_house_1,
          grunt_orc_community_big_house_2, grunt_orc_community_house_3,
          grunt_orc_community_house_3, grunt_orc_community_house_2,
          grunt_orc_community_house_1, grunt_orc_community_house_2,
          grunt_orc_community_house_2, guppyfry_orc_lava_fort

Skill      XL: |  1  2  3  4  5  6  7  8  9 10 11 12 13 14 15 16 |
---------------+-------------------------------------------------+-----
Axes           | 4 5 6 7 8 10 12 13 14 16 17 18 20 | 20.1
Fighting       | 4 5 6 7 8 10 12 13 15 16 17 18 20 | 20.1
Armour         | 3 4 5 7 8 10 11 13 14 16 17 18 20 | 20.0
Dodging        | |  2.4

Action                   |  1- 3 |  4- 6 |  7- 9 | 10-12 | 13-15 | 16-18 || total
-------------------------+-------+-------+-------+-------+-------+-------++-------
Melee: Hand axe          |   106 |    47 |       |       |       |       ||   153
       Headbutt          |     9 |    26 |    64 |   184 |   272 |   100 ||   655
       War axe           |       |    86 |   278 |   704 |   121 |       ||  1189
       Trident           |       |       |       |    15 |    38 |       ||    53
       Battleaxe         |       |       |       |       |   600 |       ||   600
       Executioner's axe |       |       |       |       |   244 |   313 ||   557
Throw: Throwing net      |       |     1 |       |     3 |     5 |       ||     9
Invok: Berserk           |       |     2 |     5 |    12 |    12 |     4 ||    35
       Trog's Hand       |       |     1 |     2 |     6 |     5 |     4 ||    18
       Brothers in Arms  |       |       |       |     2 |     3 |     4 ||     9
 Abil: Evoke Flight      |       |       |       |     2 |       |       ||     2
Evoke: Wand              |       |       |       |       |     2 |       ||     2
  Use: Scroll            |     2 |     1 |     3 |    11 |    12 |     6 ||    35
       Potion            |       |       |     1 |    10 |     2 |     5 ||    18
 Stab: Held in net/web   |       |       |       |     1 |     3 |       ||     4
       Distracted        |       |       |       |       |       |     1 ||     1
  Eat: Ration            |     1 |     2 |     3 |    11 |    15 |     6 ||    38
       Chunk             |       |     5 |     7 |    18 |    14 |     1 ||    45
Armor: Animal skin       |     6 |       |       |       |       |       ||     6
       Leather armour    |    15 |     4 |       |       |       |       ||    19
       Plate armour      |       |    58 |   175 |    56 |   531 |   460 ||  1280
       Chain mail        |       |       |       |   148 |       |       ||   148
       Scale mail        |       |       |       |   179 |   118 |       ||   297
       Skin              |       |       |       |     7 |       |       ||     7
Dodge: Dodged            |    59 |    49 |   109 |   303 |   425 |   259 ||  1204
       Deflected         |       |       |       |       |     2 |     2 ||     4
Block: Other             |       |       |       |       |    25 |     8 ||    33

Table legend:
 A = Non-vault XP
 B = Vault XP
 C = Vault XP percentage of total XP
 D = Non-vault monster count
 E = Vault monster count
 F = Vault count percentage of total count
                 A         B        C        D         E       F
            +---------+---------+-------+---------+---------+-------
      Total |  135263 |   81731 |  37.7 |     680 |     321 |  32.1
            +---------+---------+-------+---------+---------+-------
        D:1 |      22 |       2 |   8.3 |      14 |       1 |   6.7
        D:2 |      96 |       0 |   0.0 |      26 |       0 |   0.0
        D:3 |     271 |      74 |  21.4 |      35 |       4 |  10.3
        D:4 |     525 |      36 |   6.4 |      17 |       1 |   5.6
        D:5 |     563 |     837 |  59.8 |      14 |      25 |  64.1
        D:6 |     277 |       3 |   1.1 |       6 |       1 |  14.3
        D:7 |    1724 |       0 |   0.0 |      20 |       0 |   0.0
        D:8 |    1221 |    1572 |  56.3 |      28 |       8 |  22.2
        D:9 |     517 |     259 |  33.4 |      15 |       1 |   6.2
       D:10 |    3934 |    2413 |  38.0 |      30 |       7 |  18.9
       D:11 |    2837 |     688 |  19.5 |      35 |       4 |  10.3
       D:12 |    2800 |       0 |   0.0 |      34 |       0 |   0.0
       D:13 |    4538 |    1658 |  26.8 |      30 |       4 |  11.8
       D:14 |   10318 |    5788 |  35.9 |      40 |      17 |  29.8
       D:15 |    9513 |    3777 |  28.4 |      18 |       6 |  25.0
     Lair:1 |    1152 |    1761 |  60.5 |       5 |      24 |  82.8
     Lair:2 |    1834 |    1936 |  51.4 |      10 |       2 |  16.7
     Lair:3 |    6196 |    4172 |  40.2 |      27 |      13 |  32.5
     Lair:4 |    3425 |     266 |   7.2 |      14 |       1 |   6.7
     Lair:5 |    4164 |       0 |   0.0 |      11 |       0 |   0.0
     Lair:6 |    6515 |   15133 |  69.9 |      29 |      33 |  53.2
   Spider:1 |   16664 |    3534 |  17.5 |      44 |       6 |  12.0
   Spider:2 |   17809 |       0 |   0.0 |      39 |       0 |   0.0
   Spider:3 |   14858 |    6564 |  30.6 |      45 |      36 |  44.4
   Spider:4 |   21363 |   13954 |  39.5 |      53 |      33 |  38.4
      Orc:1 |    1057 |       0 |   0.0 |      19 |       0 |   0.0
      Orc:2 |    1070 |   17304 |  94.2 |      22 |      94 |  81.0
            +---------+---------+-------+---------+---------+-------
